 Dungeon Crawl Stone Soup version 0.31-a0-1165-g196b491b36 (webtiles) character file.

Game seed: 3453214980737877909

2396 Curundu the Carver (level 9, -4/79 HPs)
             Began as a Minotaur Berserker on Dec 9, 2023.
             Was a High Priest of Trog.
             Killed from afar by an acid dragon (19 damage)
             ... with a splash of acid
             ... on level 7 of the Dungeon.
             The game lasted 00:27:19 (4717 turns).

Curundu the Carver (Minotaur Berserker)             Turns: 4717, Time: 00:27:19

Health: -4/79      AC:  9    Str: 23    XL:     9   Next: 22%
Magic:  8/8        EV: 13    Int:  4    God:    Trog [*****.]
Gold:   336        SH:  0    Dex: 13    Spells: 8/8 levels left

rFire   . . .        L - +2 rapier (freeze)
rCold   . . .        (no shield)
rNeg    . . .        a - +0 plate armour
rPois   .            (helmet restricted)
rElec   .            (no cloak)
rCorr   .            v - +0 pair of gloves
SInv    +            n - +1 pair of boots
Will    .....        b - amulet of regeneration Stlth
                     j - +5 ring of evasion
HPRegen 1.13/turn    t - ring of see invisible
MPRegen 0.11/turn

%: no passive effects
@: corroded
A: horns 2, retaliatory headbutt
a: Renounce Religion, Berserk, Trog's Hand, Brothers in Arms


You were on level 7 of the Dungeon.
You worshipped Trog.
Trog was extremely pleased with you.
You visited 1 branch of the dungeon, and saw 7 of its levels.

You collected 336 gold pieces.

Inventory:

Hand Weapons
 u - a +1 falchion of protection
 A - a +2 flail of draining
 L - a +2 rapier of freezing (weapon)
Missiles
 d - 18 poisoned darts (quivered)
 K - a throwing net
Armour
 a - a +0 plate armour (worn)
 n - a +1 pair of boots (worn)
 v - a +0 pair of gloves (worn)
Magical Staves
 g - a staff of air
 B - a staff of earth
Jewellery
 b - an amulet of regeneration (around neck)
 j - a +5 ring of evasion (left hand)
 t - a ring of see invisible (right hand)
 y - a ring of protection from fire
 D - a ring of see invisible
Wands
 w - a wand of paralysis (17)
 F - a wand of digging (11)
Scrolls
 c - 3 scrolls of amnesia
 e - 3 scrolls of torment
 i - 3 scrolls of poison
 l - 2 scrolls of fear
 o - 2 scrolls of blinking
 p - 5 scrolls of identify
 s - a scroll of silence {unknown}
 x - a scroll of immolation {unknown}
 C - 2 scrolls of teleportation {unknown}
 H - a scroll of revelation {unknown}
 I - a scroll of fog {unknown}
 J - a scroll of vulnerability {unknown}
Potions
 f - a potion of enlightenment {unknown}
 h - a potion of resistance {unknown}
 k - 3 potions of degeneration {unknown}
 m - a potion of brilliance {unknown}
 q - 2 potions of invisibility {unknown}
 r - 2 potions of curing {unknown}
 z - 3 potions of heal wounds {unknown}
 E - a potion of haste {unknown}
 G - a potion of berserk rage {unknown}


   Skills:
 + Level 7.2 Fighting
 + Level 1.4(5.2) Short Blades
 + Level 8.7(8.8) Long Blades
 + Level 6.1 Polearms
 + Level 1.9 Throwing
 + Level 7.5 Armour
 + Level 4.2 Dodging
 + Level 0.3 Stealth


You had 8 spell levels left.
You didn't know any spells.
Your spell library was empty.

Dungeon Overview and Level Annotations

Branches:
Dungeon (7/15)             Temple (0/1) D:6

Altars:
Elyvilon
Xom

Shops:
D:5 [*


Innate Abilities, Weirdness & Mutations

You have a pair of horns on your head.
You reflexively headbutt those who attack you in melee.


Message History

You completely miss the acid dragon.
The acid dragon is heavily wounded.
The acid dragon barely misses you.
The acid dragon claws you but does no damage.
You closely miss the acid dragon.
The acid dragon is heavily wounded.
The acid dragon bites you. The acid dragon claws you.
You barely miss the acid dragon. Your headbutt misses the acid dragon.
You punch the acid dragon.
The acid dragon is heavily wounded.
The acid dragon spits acid at you. The splash of acid hits you!!
The acid corrodes you!
You completely miss the acid dragon.
The acid dragon is heavily wounded.
The acid dragon spits acid at you. The splash of acid hits you!!
* * * LOW HITPOINT WARNING * * *
The acid corrodes you!
You hit the acid dragon but do no damage.
The acid dragon is heavily wounded.
The acid dragon bites you but does no damage.
The acid dragon barely misses you.
You barely miss the acid dragon. You headbutt the acid dragon.
The acid dragon is severely wounded.
The acid dragon spits acid at you. The splash of acid misses you.
You hit the acid dragon but do no damage.
The acid dragon is severely wounded.
The acid dragon bites you but does no damage.
The acid dragon barely misses you.
You closely miss the acid dragon.
The acid dragon is severely wounded.
The acid dragon bites you.
* * * LOW HITPOINT WARNING * * *
The acid dragon claws you but does no damage.
You hit the acid dragon but do no damage.
The acid dragon is severely wounded.
The acid dragon spits acid at you. The splash of acid hits you!!
You die...

#######.# #.#
#.## #..#
#..#######
#........# #.♣♣♣
#........#
#....Y#........#
♣cD@.......#
#.....#........#
#.♣♣♣♣#.....?..#
#........#
#..####### #^..
#... #....


You could see an acid dragon (catching breath), an ice beast and a centaur.

Vanquished Creatures
  3 steam dragons (D:6)
  Edmund (D:5)
  Menkaure (D:5)
  Duvessa (D:5)
  An ice beast (D:6)
  A black bear (D:6)
  An ogre (D:5)
  A phantom (D:6)
  A kobold brigand (D:7)
  A bullfrog (D:5)
  3 scorpions
  Dowan (D:5)
  2 howler monkeys (D:5)
  3 hounds
  2 jellies
  3 orc priests
  A gnoll bouda (D:6)
  2 sleepcaps (D:6)
  5 iguanas
  4 orc wizards
  12 gnolls
  9 adders
  4 ufetubi (D:6)
  2 worms
  2 dart slugs
  21 orcs
  4 bats
  8 endoplasms
  4 giant cockroaches
  7 goblins
  3 hobgoblins
  4 quokkas
  12 ball pythons
  11 frilled lizards
  8 kobolds
  6 rats
155 creatures vanquished.

Notes
Turn   | Place    | Note
-------+----------+-------------------------------------------
     0 | D:1      | Curundu the Minotaur Berserker began the quest for the Orb.
     0 | D:1      | Reached XP level 1. HP: 19/19 MP: 0/0
   218 | D:1      | Reached XP level 2. HP: 27/27 MP: 1/1
   660 | D:2      | Reached ** piety under Trog
   841 | D:2      | Reached XP level 3. HP: 33/33 MP: 2/2
  1572 | D:2      | Found a faded altar of an unknown god.
  1652 | D:3      | Reached XP level 4. HP: 41/41 MP: 3/3
  1776 | D:3      | Reached *** piety under Trog
  1878 | D:3      | Reached skill level 5 in Polearms
  2145 | D:4      | Reached skill level 1 in Long Blades
  2146 | D:4      | Reached XP level 5. HP: 46/47 MP: 4/4
  2341 | D:4      | Reached XP level 6. HP: 49/55 MP: 5/5
  2463 | D:4      | Reached skill level 5 in Fighting
  2669 | D:5      | Entered Level 5 of the Dungeon
  2682 | D:5      | Noticed Menkaure
  2695 | D:5      | Killed Menkaure
  2696 | D:5      | Reached skill level 2 in Long Blades
  2754 | D:5      | Reached skill level 3 in Long Blades
  2754 | D:5      | Reached skill level 1 in Throwing
  2754 | D:5      | Reached XP level 7. HP: 43/61 MP: 6/6
  2797 | D:5      | Found a white marble altar of Elyvilon.
  2877 | D:5      | Noticed Duvessa
  2893 | D:5      | Killed Duvessa
  2894 | D:5      | Reached skill level 5 in Armour
  2896 | D:5      | Noticed Dowan
  2908 | D:5      | Reached skill level 4 in Long Blades
  2911 | D:5      | Killed Dowan
  2929 | D:5      | Found Isonguma's Assorted Antiques.
  2935 | D:5      | Reached skill level 5 in Long Blades
  2979 | D:5      | Noticed Edmund
  3006 | D:5      | Killed Edmund
  3006 | D:5      | Reached **** piety under Trog
  3007 | D:5      | Reached XP level 8. HP: 47/70 MP: 7/7
  3205 | D:5      | Reached skill level 6 in Long Blades
  3272 | D:5      | Found a shimmering altar of Xom.
  3421 | D:5      | Found Moptewa's Armour Shoppe.
  3623 | D:6      | Reached skill level 7 in Long Blades
  3849 | D:6      | Reached skill level 8 in Long Blades
  3949 | D:6      | Reached XP level 9. HP: 78/78 MP: 8/8
  4071 | D:6      | Found a staircase to the Ecumenical Temple.
  4570 | D:7      | Reached ***** piety under Trog
  4580 | D:7      | Reached skill level 1 in Short Blades
  4717 | D:7      | Killed from afar by an acid dragon

Illustrated notes

Levels and vault maps discovered:
D:1:      dpeg_arrival_round_b, layout_basic, minmay_heptomino_d4
D:2:      layout_loops_corners, shapermc_ecumenical_altar_petra,
          minmay_misc_feat_enclosed
D:3:      layout_rooms, minmay_lizard_king
D:4:      cheibrodos_quashed, layout_rooms, minmay_misc_feat_rows
D:5:      layout_loops_ring, lemuel_crystal_altar, nicolae_elyvilon_temple_path,
          enter_ossuary_3, serial_shops, shop, nicolae_wooded_promenade,
          uniq_duvessa, uniq_edmund, uniq_menkaure
D:6:      cheibrodos_steamvent, layout_loops_ring, minmay_temple_entry_glass,
          lemuel_flame_loot_1
D:7:      nzn_winding_woodlands_cross [nzn_winding_woodlands_5x15_cabin,
          nzn_winding_woodlands_5x15_eye,
          nzn_winding_woodlands_5x15_river_crossing,
          nzn_winding_woodlands_5x15_sidewinder,
          nzn_winding_woodlands_15x15_thick_spiral], layout_gridville,
          chequers_arboretum

Skill      XL: |  1  2  3  4  5  6  7  8  9 |
---------------+----------------------------+-----
Fighting       | 4 5 6 7 |  7.2
Polearms       | 4 5 6 |  6.1
Armour         | 3 4 6 7 |  7.5
Long Blades    | 1 3 5 8 |  8.7
Dodging        | 3 4 |  4.2
Throwing       | 1 |  1.9
Short Blades   | 1 |  1.4
Stealth        | |  0.3

Action                     |  1- 3 |  4- 6 |  7- 9 || total
---------------------------+-------+-------+-------++-------
  Melee: Spear             |    87 |    35 |       ||   122
         Headbutt          |    14 |    14 |    56 ||    84
         Punch             |     2 |       |     4 ||     6
         Falchion          |       |    73 |   203 ||   276
         Rapier            |       |       |    41 ||    41
  Throw: Dart              |     6 |     4 |     4 ||    14
 Invoke: Trog's Hand       |       |       |     1 ||     1
    Use: Scroll            |       |       |     7 ||     7
 Armour: Animal skin       |     7 |       |       ||     7
         Ring mail         |     3 |       |       ||     3
         Chain mail        |    18 |    47 |       ||    65
         Plate armour      |       |    28 |   203 ||   231
  Dodge: Dodged            |    54 |   109 |   183 ||   346

Table legend: (Time is in decaauts)
 A = Elapsed time spent in this place.
 B = Non-inter-level travel time spent in this place.
 C = Inter-level travel time spent in this place.
 D = Time resting spent in this place.
 E = Time spent auto-exploring this place.
 F = Levels seen in this place.
 G = Mean time per level.
                   A        B        C        D        E       F      G
               +--------+--------+--------+--------+--------+-----+--------+
         Total |   4716 |   4711 |      5 |     62 |   3126 |   7 |  673.7 |
       Dungeon |   4716 |   4711 |      5 |     62 |   3126 |   7 |  673.7 |
               +--------+--------+--------+--------+--------+-----+--------+

Top non-repeatable levels by time:
     D:2: 978 daAuts
     D:6: 895 daAuts
     D:5: 881 daAuts
     D:1: 655 daAuts
     D:4: 536 daAuts
     D:3: 494 daAuts
     D:7: 274 daAuts
